 Dungeon Crawl Stone Soup version 0.24-a0-616-ge2a249a (webtiles) character file.

Game seed: 4424295919237628538, levelgen mode: deterministic

32 BoppinsLewinski the Shooter (level 3, -6/29 HPs)
             Began as a Centaur Hunter on Sept 15, 2019.
             Mangled by a wight
             ... wielding a +5 short sword of freezing
              (7 damage)
             ... on level 2 of the Dungeon.
             The game lasted 00:02:40 (860 turns).

BoppinsLewinski the Shooter (Centaur Hunter)         Turns: 860, Time: 00:02:40

Health: -6/29      AC:  5    Str: 15    XL:     3   Next: 10%
Magic:  3/3        EV: 10    Int: 10    God:
Gold:   48         SH:  0    Dex:  9    Spells: 2/2 levels left

rFire    . . .     SeeInvis .   b - +0 short sword
rCold    . . .     Gourm    .   (no shield)
rNeg     . . .     Faith    .   p - +0 ring mail
rPois    .         Spirit   .   (helmet restricted)
rElec    .         Reflect  .   (no cloak)
rCorr    .         Harm     .   (no gloves)
MR       .....                  (no barding)
Stlth    +.........             (no amulet)
HPRegen  0.09/turn              (no ring)
MPRegen  0.08/turn              (no ring)

@: flying, hasted, drained, very quick
A: large, antennae 1, hooves 3, repulsion field 1, blurry vision 1, deformed
body, speed 2, tough skin 3
a: no special abilities


You were on level 2 of the Dungeon.
You were not hungry.

You visited 1 branch of the dungeon, and saw 2 of its levels.

You collected 48 gold pieces.

Inventory:

Hand Weapons
 a - a +1 shortbow
 b - a +0 short sword (weapon)
Missiles
 d - 7 arrows
Armour
 p - a +0 ring mail (worn)
Jewellery
 i - an uncursed amulet of regeneration {unknown}
 k - an uncursed amulet of the acrobat {unknown}
Scrolls
 h - a scroll of teleportation {unknown}
 j - 2 scrolls of remove curse {unknown}
 l - a scroll of enchant armour {unknown}
 n - a scroll of identify {unknown}
 o - a scroll of fog {unknown}
Potions
 g - 2 potions of flight
Comestibles
 f - 2 rations


   Skills:
 - Level 2.1(1.4) Fighting
 * Level 6.1(5.4) Bows
 - Level 0.2(0.0) Armour
 - Level 1.4(0.8) Dodging
 + Level 1.0(0.4) Stealth


You had 2 spell levels left.
You didn't know any spells.
Your spell library was empty.

Dungeon Overview and Level Annotations

Branches:
Dungeon (2/15)

Altars:


Innate Abilities, Weirdness & Mutations

You have hooves in place of feet.
Armour fits poorly on your strangely shaped body.
You cover ground very quickly.
You have extremely tough skin. (AC +3)
You have a pair of small antennae on your head.
You are surrounded by a mild repulsion field. (EV +2)
Scrolls take you a little longer to read.


Message History

Yer vision blurs.
A pair o' antennae grows on yer head!
Ye begin ta radiate repulsive energy.
It was a potion o' flight.
Ye feel very buoyant.
Ye fly up inta tha air.
A wight comes inta view.
It be wieldin' a +3 dire flail.
It was a potion o' haste.
Ye feel yerself speed up.
Tha hobgoblin misses ye.
Ye hit tha wight but do nay damage.
Tha wight hits ye wit' a +3 great sword!
Ouch! Tha re'lly hurt!
* * * LOW HITPOINT WARNIN'
* * * Ye feel drain'd.
* * * LOW HITPOINT WARNIN'
* * * Tha wight hits ye but does nay damage.
Ye be too injured ta fight recklessly!
Unknown command.
Ye be too injured ta fight recklessly!
Tha hobgoblin misses ye.
Tha wight hits ye wit' a +5 short sword o' freezin'!
Ye die...

...# ... ..#
#.# ##.## #...#
# ###z..##(.#
#.@z.)z(#
#....gz.......#
####.......##.#
###...###
#..... ##.####
... ....


You could see 4 wights and a hobgoblin.

Vanquished Creatures
  A dart slug (D:1)
  2 leopard geckos (D:1)
  3 bats (D:1)
  2 giant cockroaches (D:1)
  3 hobgoblins (D:1)
  3 jackals (D:1)
  2 kobolds (D:1)
  3 ball pythons (D:1)
  A frilled lizard (D:1)
  4 goblins
  A rat (D:1)
25 creatures vanquished.

Notes
Turn   | Place    | Note
-------+----------+-------------------------------------------
     0 | D:1      | BoppinsLewinski the Centaur Hunter began the quest for the
                  | Orb.
     0 | D:1      | Reached XP level 1. HP: 17/17 MP: 1/1
   109 | D:1      | Reached XP level 2. HP: 23/24 MP: 2/2
   463 | D:1      | Reached skill level 1 in Stealth
   484 | D:1      | Reached skill level 6 in Bows
   512 | D:1      | Reached XP level 3. HP: 29/29 MP: 3/3
   856 | D:2      | Gained mutation: Scrolls take you a little longer to read.
                  | [potion of mutation]
   856 | D:2      | Gained mutation: You have a pair of small antennae on your
                  | head. [potion of mutation]
   856 | D:2      | Gained mutation: You are surrounded by a mild repulsion
                  | field. (EV +2) [potion of mutation]
   859 | D:2      | HP: 1/29 [wight/+3 great sword (7)]
   860 | D:2      | Mangled by a wight

Levels and vault maps discovered:
D:1:      dpeg_arrival_pits, layout_basic, chequers_serial_rivers_small_b
D:2:      layout_loops_ring, grunt_ministairs_15

Skill      XL: |  1  2 |
---------------+-------+-----
Stealth        | 1 |  1.0
Bows           | 6 |  6.1
Fighting       | |  2.1
Armour         | |  0.2
Dodging        | |  1.4

Action                   || total
-------------------------++-------
Melee: Short sword       ||     1
 Fire: Shortbow          ||    77
  Use: Potion            ||     3
Armor: Leather armour    ||     9
       Ring mail         ||     1
Dodge: Dodged            ||    16

Table legend:
 A = Non-vault XP
 B = Vault XP
 C = Vault XP percentage of total XP
 D = Non-vault monster count
 E = Vault monster count
 F = Vault count percentage of total count
                 A         B        C        D         E       F
            +---------+---------+-------+---------+---------+-------
      Total |      47 |       0 |   0.0 |      25 |       0 |   0.0
            +---------+---------+-------+---------+---------+-------
        D:1 |      45 |       0 |   0.0 |      24 |       0 |   0.0
        D:2 |       2 |       0 |   0.0 |       1 |       0 |   0.0
            +---------+---------+-------+---------+---------+-------
